AoeStats
← K

Arena

509133463Analyzed
4v4 RM · 8d ago on Sep 25, 2026· 18m 59s· 8 players
Game mode
Random Map
Map size
Large (8 player)
Population
200
Speed
Normal
Resources
Standard
Victory
Conquest
Starting age
Dark Age
Ending age
Imperial Age
RankedLock teamsTeams togetherTeam positionsShared explorationLock speedFull tech treeHidden civsTurbo modeCheats
Victory
Defeat
🇫🇷 Portuguese · France
1151
+11
🇹🇷 Inca · Türkiye
1149
+11
🇫🇷 Celts · France
1000
+51
🇫🇷 Franks · France
899
+64
🇬🇧 Bohemians · United Kingdom
1199
-21
🇨🇳 Mongols · China
1038
-15
🇨🇳 Jurchens · China
1014
-14
🇨🇳 Persians · China
885
-15
YuangXue
10:53 Feudal Age
12:08 Double-Bit Axe
14:54 Castle Age
13:36 Horse Collar
16:06 Bow Saw
Youduo
12:22 Feudal Age
12:46 Double-Bit Axe
12:45 Horse Collar
16:04 Wheelbarrow
18:47 Loom
Q力山大一世
10:19 Feudal Age
11:35 Double-Bit Axe
12:17 Horse Collar
14:39 Castle Age
K
Hedip
5:05 Loom
10:30 Feudal Age
14:27 Castle Age
13:36 Double-Bit Axe
Anorak
0:34 Loom
13:33 Feudal Age
14:17 Double-Bit Axe
nanar311
10:22 Feudal Age
10:48 Double-Bit Axe
12:03 Gold Mining
19:14 Castle Age
18:04 Scale Barding Armor
18:24 Forging
luludul
10:17 Loom
12:37 Feudal Age
13:43 Double-Bit Axe
13:42 Horse Collar
16:33 Castle Age
16:15 Gold Mining
Connection lost

Rejoining the realm…

Still unreachable

The connection could not be restored.

Session expired

The server has moved on; the page needs a fresh start.